AoeStats
← LazyGuy

Nomad

510922381Analyzed
4v4 RM · 9h ago on Oct 3, 2026· 31m 22s· 8 players
Game mode
Random Map
Map size
231×231
Population
200
Speed
Normal
Resources
Standard
Victory
Conquest
Starting age
Dark Age
Ending age
Imperial Age
RankedLock teamsTeams togetherTeam positionsShared explorationLock speedFull tech treeHidden civsTurbo modeCheats
Victory
Defeat
🇺🇸 Vikings · United States
1184
+11
🇺🇸 Persians · United States
1151
+12
🇺🇸 Japanese · United States
1093
+15
🇺🇸 Vikings · United States
1047
+17
🇵🇪 Persians · Peru
1088
-15
🇨🇳 Mongols · China
1069
-14
🇫🇷 Slavs · France
1061
-13
🇻🇳 Franks · Vietnam
1041
-13
小猪桑
12:59 Loom
15:51 Feudal Age
18:19 Fletching
18:35 Scale Barding Armor
18:45 Fishing Lines
19:04 Double-Bit Axe
24:25 Castle Age
23:14 Horse Collar
25:32 Wheelbarrow
24:44 Town Watch
25:46 Bodkin Arrow
27:35 Husbandry
28:36 Bloodlines
Suko
7:17 Loom
14:10 Feudal Age
22:56 Castle Age
22:54 Horse Collar
23:02 Double-Bit Axe
24:45 Man-at-Arms
25:28 Pikeman
25:33 Long Swordsman
Aoe_Ly
14:03 Feudal Age
14:17 Loom
14:46 Double-Bit Axe
18:29 Castle Age
18:30 Town Watch
19:16 Bow Saw
21:42 Fletching
26:00 Wheelbarrow
26:58 Horse Collar
LazyGuy
5:25 Loom
15:03 Feudal Age
20:09 Castle Age
19:13 Stone Mining
19:48 Forging
19:28 Double-Bit Axe
21:00 Gold Mining
21:44 Forging
24:01 Wheelbarrow
28:23 Fletching
Stevie Nicks
5:32 Loom
13:06 Feudal Age
14:27 Wheelbarrow
13:42 Double-Bit Axe
14:25 Fletching
20:09 Castle Age
19:19 Forging
19:01 Gold Mining
19:04 Horse Collar
21:54 Medium Warships
22:19 Bodkin Arrow
23:31 Hand Cart
24:34 Bow Saw
26:16 Town Watch
26:33 Heavy Plow
32:00 Town Patrol
stretchy pants
3:35 Loom
14:14 Feudal Age
14:38 Fishing Lines
15:21 Double-Bit Axe
15:34 Town Watch
16:24 Gold Mining
18:16 Horse Collar
18:54 Fletching
19:09 Scale Mail Armor
19:19 Forging
19:50 Wheelbarrow
22:43 Castle Age
22:11 Stone Mining
23:24 Arson
23:58 Chain Mail Armor
24:22 Iron Casting
24:14 Squires
25:49 Gold Shaft Mining
25:53 Gillnets
26:13 Medium Warships
Choncho
6:22 Loom
13:16 Feudal Age
14:00 Double-Bit Axe
14:56 Fishing Lines
18:45 Castle Age
16:36 Horse Collar
18:57 Forging
18:54 Scale Barding Armor
22:39 Iron Casting
26:54 Chain Barding Armor
pontif
13:28 Feudal Age
13:50 Loom
14:00 Horse Collar
14:13 Double-Bit Axe
15:07 Fishing Lines
15:17 Fishing Lines
20:23 Horse Collar
23:06 Castle Age
21:31 Stone Mining
21:36 Gold Mining
Connection lost

Rejoining the realm…

Still unreachable

The connection could not be restored.

Session expired

The server has moved on; the page needs a fresh start.